AoeStats
← Secking13

Arabia

510828702Analyzed
1v1 RM · 23h ago on Oct 2, 2026· 56m 51s· 2 players
Game mode
Random Map
Map size
Tiny (2 player)
Population
200
Speed
Normal
Resources
Standard
Victory
Conquest
Starting age
Dark Age
Ending age
Imperial Age
RankedLock teamsTeams togetherTeam positionsShared explorationLock speedFull tech treeHidden civsTurbo modeCheats
Victory
Defeat
🇵🇾 Magyars · Paraguay
1097
+15
🇹🇷 Burgundians · Türkiye
1079
-15
Secking13
4:08 Loom
11:29 Feudal Age
10:59 Double-Bit Axe
12:32 Horse Collar
15:07 Scale Mail Armor
17:22 Gold Mining
21:44 Castle Age
20:44 Forging
20:44 Stone Mining
21:41 Bow Saw
22:44 Wheelbarrow
22:44 Cavalier
23:24 Husbandry
26:52 Elite Skirmisher
28:15 Fletching
28:25 Padded Archer Armor
32:44 Bodkin Arrow
33:04 Leather Archer Armor
34:20 Heavy Plow
39:19 Imperial Age
37:46 Hand Cart
37:51 Leather Archer Armor
38:18 Scale Barding Armor
39:55 Ballistics
39:31 Murder Holes
40:26 Conscription
41:11 Chain Mail Armor
41:46 Crop Rotation
41:53 Paladin
44:42 Burgundian Vineyards
44:01 Light Cavalry
45:56 Pikeman
46:37 Squires
46:30 Halberdier
Medipy51
2:48 Loom
11:34 Feudal Age
12:41 Double-Bit Axe
13:10 Horse Collar
19:52 Gold Mining
22:52 Castle Age
20:59 Scale Barding Armor
22:02 Fletching
23:51 Husbandry
24:06 Bloodlines
24:17 Bow Saw
24:10 Town Watch
24:34 Heavy Plow
25:42 Ballistics
26:18 Bodkin Arrow
27:39 Gold Shaft Mining
29:40 Chain Barding Armor
31:26 Thumb Ring
39:25 Imperial Age
40:25 Wheelbarrow
40:35 Bracer
41:04 Parthian Tactics
39:59 Heavy Cavalry Archer
41:42 Chemistry
41:06 Cavalier
42:50 Plate Barding Armor
43:24 Guard Tower
43:29 Stone Mining
43:25 Paladin
44:50 Masonry
45:44 Hand Cart
45:32 Town Patrol
46:51 Treadmill Crane
48:45 Recurve Bow
50:27 Light Cavalry
51:29 Corvinian Army
51:00 Elite Magyar Huszar
52:33 Hoardings
Connection lost

Rejoining the realm…

Still unreachable

The connection could not be restored.

Session expired

The server has moved on; the page needs a fresh start.